 Dungeon Crawl Stone Soup version 0.32-a0-128-g77eb882913 (webtiles) character file.

Game seed: 7181810564986002642

2 dialectric the Sneak (level 1, 0/11 HPs)
             Began as a Spriggan Delver on Feb 8, 2024.
             Constricted to death by a ball python (1 damage)
             ... on level 4 of the Dungeon.
             The game lasted 00:00:21 (61 turns).

dialectric the Sneak (Spriggan Delver)                Turns: 61, Time: 00:00:22

Health: 0/11       AC:  2    Str:  8    XL:     1   Next: 33%
Magic:  2/2        EV: 14    Int: 11    God:
Gold:   0          SH:  0    Dex: 16    Spells: 0/0 levels left

rFire   . . .        a - +0 short sword
rCold   . . .        (no shield)
rNeg    . . .        b - +0 robe
rPois   .            (helmet restricted)
rElec   .            (no cloak)
rCorr   .            (gloves unavailable)
SInv    +            (boots unavailable)
Will    .....        (no amulet)
Stlth   ++++         (no ring)
HPRegen 0.21/turn    (no ring)
MPRegen 0.08/turn

%: no passive effects
@: constricted, very quick
A: very small, no large weapons, unfitting armour, see invisible, speed 3
a: no special abilities


You were on level 4 of the Dungeon.
You visited 1 branch of the dungeon, and saw 2 of its levels.

Inventory:

Hand Weapons
 a - a +0 short sword (weapon)
Armour
 b - a +0 robe (worn)
Wands
 g - a wand of digging (3)
Scrolls
 c - a scroll of fog
 d - a scroll of revelation
 e - a scroll of fear
Potions
 f - a potion of haste
 h - a potion of degeneration {unknown}


   Skills:
 + Level 2.4 Fighting
 + Level 2.2 Short Blades
 + Level 2.8 Dodging
 + Level 7.3 Stealth


You couldn't memorise any spells.
You didn't know any spells.
Your spell library was empty.

Dungeon Overview and Level Annotations

Branches:
Dungeon (5/15)
 Temple: D:4-7

Altars:


Innate Abilities, Weirdness & Mutations

You are very small and have problems with some larger weapons.
You are too small for most types of armour.
You have supernaturally acute eyesight. (SInv)
You cover ground extremely quickly. (Speed+++)


Message History

You hit the hound.
The hound is moderately wounded.
The ball python hisses angrily.
The hound misses you.
You hit the hound.
The hound is heavily wounded.
The hound completely misses you.
You hit the hound.
The hound is heavily wounded.
The hound barely misses you.
A river rat comes into view.
The hound closely misses you.
The river rat squeaks loudly.
You hit the hound but do no damage.
The hound is heavily wounded.
The hound barely misses you.
You barely miss the hound. You punch the hound.
The hound is heavily wounded.
A rat comes into view.
The hound bites you.
You closely miss the hound.
The hound is heavily wounded.
The hound bites you but does no damage.
A ball python comes into view.
The ball python misses you. The ball python closely misses you.
The hound bites you.
You hit the hound.
The hound is severely wounded.
The hound bites you. The ball python closely misses you.
The ball python grabs you. The ball python constricts you.
You hit the hound but do no damage.
The hound is heavily wounded.
The hound completely misses you. The ball python barely misses you.
The ball python constricts you.
You hit the hound.
The hound is severely wounded.
The hound bites you.
* * * LOW HITPOINT WARNING * * *
The ball python misses you. The ball python constricts you.
You die...

## #.............
###.###..........[..
#....##.............
####....##.....>.......
#.....#................
#...................>..
##.#.#...#.......>.....
##..?##..#.............
#...Jh@............##.#
#..#.##S..........## #
#.......r..........)
##........S......###
#........r....
#..#........##
#..#........~ ...
.#.......


You could see a hound, a river rat, an endoplasm, 2 ball pythons and a rat.

Vanquished Creatures
  2 jackals (D:5)
2 creatures vanquished.

Notes
Turn   | Place    | Note
-------+----------+-------------------------------------------
     0 | D:5      | dialectric the Spriggan Delver began the quest for the Orb.
     0 | D:5      | Reached XP level 1. HP: 11/11 MP: 2/2
    12 | D:5      | Noticed a black bear
    12 | D:5      | Noticed a scorpion
    15 | D:5      | Noticed a sleepcap
    29 | D:5      | Noticed an orc priest
    42 | D:4      | Noticed a hound
    61 | D:4      | Constricted to death by a ball python

Illustrated notes

Levels and vault maps discovered:
D:4:      layout_cave_pools, chequers_temple_overflow_statue_of_worship,
          portal_sewer_entry_b, chequers_garden, patterned_corridor
D:5:      layout_rooms, enter_ossuary_3, serial_shops, shop, kennysheep_boxes,
          uniq_menkaure

Action                     || total
---------------------------++-------
  Melee: Short sword       ||    18
         Punch             ||     1
   Stab: Sleeping          ||     2
 Armour: Robe              ||    10
  Dodge: Dodged            ||    17

Table legend: (Time is in decaauts)
 A = Elapsed time spent in this place.
 B = Non-inter-level travel time spent in this place.
 C = Inter-level travel time spent in this place.
 D = Time resting spent in this place.
 E = Time spent auto-exploring this place.
 F = Levels seen in this place.
 G = Mean time per level.
                   A        B        C        D        E       F      G
               +--------+--------+--------+--------+--------+-----+--------+
         Total |     42 |     42 |      0 |      0 |      0 |   2 |   21.0 |
       Dungeon |     42 |     42 |      0 |      0 |      0 |   2 |   21.0 |
               +--------+--------+--------+--------+--------+-----+--------+

Top non-repeatable levels by time:
     D:4: 21 daAuts
     D:5: 21 daAuts
